 Dungeon Sprint DCSS version 0.30-a0-883-g5ad918d77d (webtiles) character file.

Game seed: 8318387898057431785

2900000 sircluck the Plane Walker (level 19, -2/207 HPs)
             Began as a Grey Draconian Warper on Mar 16, 2023.
             Engulfed by a cloud of flame (15 damage)
             ... in the Dungeon (Sprint VIII: "Arena of Blood").
             The game lasted 00:01:53 (29 turns).

sircluck the Plane Walker (Grey Draconian Warper)     Turns: 29, Time: 00:01:53

Health: -2/207     AC: 15    Str: 21    XL:     19   Next: 64%
Magic:  9/50       EV: 23    Int: 14    God:
Gold:   0          SH:  0    Dex: 11    Spells: 72/72 levels left

rFire   . . .      SeeInvis .    i - +∞ Axe of Woe
rCold   . . .      Faith    .    (shield currently unavailable)
rNeg    . . .      Spirit   .    (body armour unavailable)
rPois   .          Reflect  .    (helmet restricted)
rElec   .          Rampage  .    (no cloak)
rCorr   .          NoTele   +    (no gloves)
Will    +....                    (no boots)
Stlth   +                        (no amulet)
HPRegen 0.54/turn                (no ring)
MPRegen 0.32/turn                (no ring)

@: no status effects
A: AC +15, amphibious, unfitting armour, cold-blooded
a: no special abilities


You were in the Dungeon.
You visited 1 branch

Inventory:

Hand Weapons
 a - a +0 spear
 i - the +∞ Axe of Woe (weapon)
   (You found it in the Dungeon)
Missiles
 c - 7 boomerangs of dispersal (quivered)
Potions
 d - a potion of curing
 e - a potion of heal wounds
 f - a potion of haste
 g - 2 potions of magic
 h - a potion of berserk rage


   Skills:
 O Level 27 Fighting
 O Level 27 Axes
 O Level 27 Polearms
 + Level 25.2 Throwing
 O Level 27 Dodging
 O Level 27 Spellcasting
 O Level 27 Translocations


You had 72 spell levels left.
You didn't know any spells.
Your spell library contained the following spells:

 Spells                   Type           Power      Damage    Failure   Level
 Blink                    Tloc           100%       N/A       0%          2
 Lesser Beckoning         Tloc           100%       N/A       0%          2
 Teleport Other           Tloc           76%        N/A       0%          3
 Manifold Assault         Tloc           76%        N/A       0%          4
 Vhi's Electric Charge    Tloc/Air       100%       N/A       1%          3


Dungeon Overview and Level Annotations

Branches:
Dungeon (1/1)

Altars:
Makhleb


Innate Abilities, Weirdness & Mutations

Your dull iron-grey scales are very hard. (AC +15)
You are amphibious.
You cannot fit into any form of body armour.
You are cold-blooded and may be slowed by cold attacks.


Message History

You dissect the bag of meat like a pig carcass.
You kill the bag of meat!
You hear a shout! x3
The destroyer gestures at you while chanting.
The destroyer blinks!
Your Throwing skill gained 3 levels and is now at level 16!
You hear a shout! x9
A meat berserker comes into view. It is wielding a +9 battleaxe.
You hear a shout! x2
A destroyer comes into view. It is wielding a +9 heavy great sword.
The destroyer shouts!
You hear a shout! x5
A bag of meat comes into view. It is wielding a +9 war axe.
You hear a shout! x4
The meat berserker hits you with a +9 battleaxe!
* * * LOW HITPOINT WARNING * * *
You hear a shout!
The destroyer casts a spell at you.
The destroyer blinks!
You hear a shout!
You hit the meat berserker but do no damage.
You slaughter the meat berserker joyfully.
You kill the meat berserker!
You hit the destroyer but do no damage.
You fatally mangle the destroyer.
You destroy the destroyer!
You hear a shout! x4
A bag of meat comes into view. It is wielding a +9 war axe.
You hear a shout! x2
Your Throwing skill gained 9 levels and is now at level 25!
You hear a shout! x5
The large bag of meat is engulfed in blazing flames.
You hear a shout! x10
You slash the large bag of meat!
Flame seeps out of the large bag of meat.
You dissect the large bag of meat like a pig carcass.
The large bag of meat explodes!
The fiery explosion engulfs you!!
* * * LOW HITPOINT WARNING * * *
The fiery explosion engulfs the bag of meat!!
You are engulfed in blazing flames.
You die...

############
####.......=....
##..............
.........##.##.##
......)@§§......
..####)§○§.##.##..
#..VO.o§○°°§.....
.o#.....oo)))#.#...
#....)..)○§......
...#.....))).......
.o..#....))........
...................
...................


You could see a destroyer, a meat berserker (berserk) and 4 bags of meat.

Vanquished Creatures
  A vampire knight (D)
  6 ogres (D)
  3 two-headed ogres (D)
  27 orcs (D)
37 creatures vanquished.

Notes
Turn   | Place    | Note
-------+----------+-------------------------------------------
     0 | D        | Found the +∞ Axe of Woe
     0 | D        | sircluck the Draconian Warper began the quest for the Orb.
     0 | D        | Reached XP level 1. HP: 17/17 MP: 3/3
     1 | D        | Noticed a meat berserker
     2 | D        | Killed a meat berserker
     2 | D        | Noticed a bag of meat
     2 | D        | Noticed a bag of meat
     2 | D        | Noticed a bag of meat
     3 | D        | Reached skill level 5 in Axes
     3 | D        | Reached skill level 10 in Polearms
     3 | D        | Reached XP level 2. HP: 40/40 MP: 3/14
     3 | D        | Reached XP level 3. HP: 47/47 MP: 3/15
     3 | D        | Reached XP level 4. HP: 55/55 MP: 3/17
     3 | D        | Reached XP level 5. HP: 61/61 MP: 3/18
     3 | D        | Reached XP level 6. HP: 68/68 MP: 3/20
     3 | D        | Your scales start taking on a dull iron-grey colour.
     3 | D        | Reached XP level 7. HP: 74/74 MP: 3/21
     3 | D        | Reached XP level 8. HP: 82/82 MP: 3/23
     3 | D        | Reached XP level 9. HP: 89/89 MP: 3/24
     3 | D        | Reached XP level 10. HP: 96/96 MP: 3/25
     3 | D        | Reached XP level 11. HP: 102/102 MP: 3/26
     3 | D        | Noticed a bag of meat
     4 | D        | Noticed a large bag of meat
     4 | D        | Noticed a bag of meat
     4 | D        | Noticed a bag of meat
     4 | D        | Noticed a bag of meat
     4 | D        | Noticed a bag of meat
     4 | D        | Noticed a bag of meat
     4 | D        | Noticed a bag of meat
     4 | D        | Noticed a bag of meat
     4 | D        | Noticed a bag of meat
     4 | D        | Noticed a bag of meat
     4 | D        | Noticed a bag of meat
     4 | D        | Noticed a bag of meat
     4 | D        | Noticed a bag of meat
     4 | D        | Noticed a bag of meat
     4 | D        | Noticed a bag of meat
     4 | D        | Noticed a bag of meat
     4 | D        | Noticed a bag of meat
     4 | D        | Noticed a bag of meat
     5 | D        | Noticed a bag of meat
     6 | D        | Noticed a bag of meat
     7 | D        | Noticed a bag of meat
     7 | D        | Noticed a bag of meat
     8 | D        | Killed a bag of meat
     8 | D        | Noticed a bag of meat
     9 | D        | Reached XP level 12. HP: 113/113 MP: 4/28
     9 | D        | Killed a bag of meat
     9 | D        | Killed a bag of meat
     9 | D        | Killed a bag of meat
     9 | D        | Noticed a bag of meat
     9 | D        | Noticed a large bag of meat
    10 | D        | Reached skill level 15 in Dodging
    10 | D        | Reached XP level 13. HP: 108/125 MP: 4/31
    10 | D        | Killed a bag of meat
    10 | D        | Killed a bag of meat
    10 | D        | Killed a bag of meat
    10 | D        | Killed a bag of meat
    10 | D        | Noticed a meat berserker
    10 | D        | Noticed a bag of meat
    11 | D        | Reached skill level 15 in Spellcasting
    11 | D        | Reached XP level 14. HP: 121/140 MP: 4/33
    11 | D        | Killed a bag of meat
    11 | D        | Killed a bag of meat
    11 | D        | Killed a bag of meat
    12 | D        | Reached skill level 27 in Translocations
    12 | D        | Reached XP level 15. HP: 132/151 MP: 5/36
    13 | D        | Reached skill level 15 in Polearms
    14 | D        | Reached XP level 16. HP: 147/167 MP: 5/38
    14 | D        | Killed a large bag of meat
    14 | D        | Killed a meat berserker
    14 | D        | Noticed a meat berserker
    14 | D        | Noticed a meat berserker
    14 | D        | Noticed a meat berserker
    15 | D        | Reached skill level 5 in Throwing
    15 | D        | Reached XP level 17. HP: 112/183 MP: 5/41
    17 | D        | Reached skill level 27 in Fighting
    17 | D        | Reached skill level 27 in Axes
    17 | D        | Killed a large bag of meat
    17 | D        | Noticed a large bag of meat
    18 | D        | Reached XP level 18. HP: 75/200 MP: 6/46
    19 | D        | Killed a meat berserker
    19 | D        | Killed a meat berserker
    20 | D        | Reached skill level 27 in Dodging
    20 | D        | Reached skill level 27 in Spellcasting
    20 | D        | Killed a meat berserker
    21 | D        | Reached skill level 27 in Polearms
    21 | D        | Reached XP level 19. HP: 79/207 MP: 7/50
    21 | D        | Noticed a destroyer
    22 | D        | Noticed a meat berserker
    24 | D        | Noticed a meat berserker
    25 | D        | Noticed a destroyer
    27 | D        | Killed a meat berserker
    27 | D        | Killed a destroyer
    29 | D        | Killed a large bag of meat
    29 | D        | Engulfed by a cloud of flame

Illustrated notes

Levels and vault maps discovered:
D:        meatsprint

Skill      XL: |  1  2  3  4  5  6  7  8  9 10 11 12 13 14 15 16 17 18 19 |
---------------+----------------------------------------------------------+-----
Fighting       | 11 12 14 17 18 21 24 27 | 27.0
Axes           | 5 8 11 14 18 23 27 | 27.0
Polearms       | 10 12 13 14 16 17 20 27 | 27.0
Throwing       | 2 3 4 5 7 13 25 | 25.2
Dodging        | 12 13 15 17 18 20 22 25 27 | 27.0
Spellcasting   | 11 12 14 15 17 18 20 24 27 | 27.0
Translocations | 19 20 23 26 27 | 27.0

Action                     |  1- 3 |  4- 6 |  7- 9 | 10-12 | 13-15 | 16-18 | 19-21 || total
---------------------------+-------+-------+-------+-------+-------+-------+-------++-------
  Melee: Executioner's axe |     1 |       |       |     2 |     4 |     6 |     3 ||    16
    Use: Scroll            |       |       |       |     2 |       |       |       ||     2

Table legend: (Time is in decaauts)
 A = Elapsed time spent in this place.
 B = Non-inter-level travel time spent in this place.
 C = Inter-level travel time spent in this place.
 D = Time resting spent in this place.
 E = Time spent auto-exploring this place.
 F = Levels seen in this place.
 G = Mean time per level.
                   A        B        C        D        E       F      G
               +--------+--------+--------+--------+--------+-----+--------+
         Total |     28 |     28 |      0 |      0 |      0 |   1 |   28.0 |
       Dungeon |     28 |     28 |      0 |      0 |      0 |   1 |   28.0 |
               +--------+--------+--------+--------+--------+-----+--------+

Top non-repeatable levels by time:
       D: 28 daAuts
